 Dungeon Crawl Stone Soup version 0.31.0 (webtiles) character file.

Game seed: 10938085515887267196

15 qw the Shooter (level 2, -2/17 HPs)
             Began as a Gargoyle Hunter on Jan 19, 2024.
             Slain by a kobold
             ... wielding a +0 short sword
              (4 damage)
             ... on level 1 of the Dungeon.
             The game lasted 00:00:00 (202 turns).

qw the Shooter (Gargoyle Hunter)                     Turns: 202, Time: 00:00:01

Health: -2/17      AC:  5    Str: 14    XL:     2   Next: 50%
Magic:  2/2        EV: 11    Int:  9    God:
Gold:   0          SH:  0    Dex: 13    Spells: 1/1 levels left

rFire   . . .        a - +0 shortbow
rCold   . . .        (shield currently unavailable)
rNeg    + . .        c - +0 leather armour
rPois   inf          (no helmet)
rElec   +            (no cloak)
rCorr   .            (no gloves)
SInv    .            (no boots)
Will    .....        (no amulet)
Stlth   +            (no ring)
HPRegen 0.22/turn    (no ring)
MPRegen 0.08/turn

%: no passive effects
@: no status effects
A: sickness immunity, AC +2, negative energy resistance 1, electricity
resistance, torment resistance 1, petrification resistance
a: no special abilities


You were on level 1 of the Dungeon.
You visited 1 branch of the dungeon, and saw 1 of its levels.


Innate Abilities, Weirdness & Mutations

You are immune to sickness and miasma.
Your stone body is resilient. (AC +2)
You are immune to poison.
You resist negative energy. (rN+)
You are resistant to electric shocks. (rElec)
You are resistant to unholy torment.
You are immune to petrification.


   Skills:
 - Level 2.1 Fighting
 + Level 4.6 Ranged Weapons
 - Level 1.5 Dodging
 - Level 1.1 Stealth


You had one spell level left.
You didn't know any spells.
Your spell library was empty.

Inventory:

Hand Weapons
 a - a +0 shortbow (weapon)
Armour
 c - a +0 leather armour (worn)
Scrolls
 b - a scroll of vulnerability {unknown}
Potions
 d - a potion of resistance
 e - a potion of heal wounds {unknown}
 f - a potion of lignification {unknown}

Dungeon Overview and Level Annotations

Branches:
Dungeon (1/15)

Altars:


Message History

The jackal bites you. The kobold closely misses you.
You shoot an arrow. The arrow closely misses the jackal.
The bat barely misses you.
The jackal bites you but does no damage.
The jackal barely misses you. The kobold misses you. The jackal bites you.
The jackal misses you. The kobold barely misses you.
You shoot an arrow. The arrow barely misses the jackal.
The bat barely misses you. The jackal misses you. The jackal bites you.
The jackal misses you. The jackal closely misses you.
The kobold closely misses you.
You shoot an arrow. The arrow closely misses the jackal.
The bat barely misses you. The jackal barely misses you. x2
The kobold hits you with a +0 short sword.
The jackal bites you but does no damage.
The jackal barely misses you.
You shoot an arrow. The arrow barely misses the jackal.
The bat hits you but does no damage. The jackal barely misses you.
The jackal bites you. The kobold misses you. The jackal barely misses you.
You shoot an arrow. The arrow hits the jackal!
You kill the jackal!
The bat hits you but does no damage. The bat completely misses you.
The jackal bites you but does no damage.
The kobold barely misses you. The jackal barely misses you.
You shoot an arrow. The arrow closely misses the jackal.
The bat hits you but does no damage. The bat barely misses you.
The jackal bites you but does no damage.
The kobold barely misses you. The jackal barely misses you.
The kobold hits you with a +0 short sword.
You shoot an arrow. The arrow misses the jackal.
The bat closely misses you. The bat hits you but does no damage.
The jackal bites you but does no damage.
The kobold hits you but does no damage. The jackal misses you.
You shoot an arrow.
The arrow hits the jackal but does no damage.
The bat hits you but does no damage. The jackal barely misses you.
The kobold closely misses you.
You shoot an arrow. The arrow closely misses the jackal.
The bat hits you but does no damage. The jackal misses you.
The kobold hits you with a +0 short sword.
You die...

#......#.#....#
###.#....#.....#
...##.......#.
.....##......##
##.##.......####
#. #.##.####.....#
.. #%......#.....#
..
....#..b##.......#
..
.......K@###.....#
#.
##.###.h%(.......#
# # #.#.#########
...#.# ##.##.# #.
#.. .. ... ## ...


You could see a jackal, a bat and a kobold.

Vanquished Creatures
  A dart slug (D:1)
  A goblin (D:1)
  2 hobgoblins (D:1)
  2 jackals (D:1)
  3 kobolds (D:1)
  2 bats (D:1)
11 creatures vanquished.

Notes
Turn   | Place    | Note
-------+----------+-------------------------------------------
     0 | D:1      | qw the Gargoyle Hunter began the quest for the Orb.
     0 | D:1      | Reached XP level 1. HP: 12/12 MP: 1/1
     0 | D:1      | 0 ||| qw: Version: 0.3-a-132-g3d54051
     0 | D:1      | 0 ||| qw: Game counter: 45
     0 | D:1      | 0 ||| qw: Melee chars always use a shield: true
     0 | D:1      | 0 ||| qw: God list: Okawaru
     0 | D:1      | 0 ||| qw: Allow faded altars: false
     0 | D:1      | 0 ||| qw: Do Orc after clearing Dungeon:15 true
     0 | D:1      | 0 ||| qw: Do second Lair branch before Depths: true
     0 | D:1      | 0 ||| qw: Lair rune preference: random
     0 | D:1      | 0 ||| qw: Goals: Normal
     0 | D:1      | 0 ||| PLANNING D:1-11
   103 | D:1      | 103 ||| DRINKING 2 silvery potions.
   104 | D:1      | 104 ||| DROPPING scroll of butterflies.
   113 | D:1      | Reached XP level 2. HP: 17/17 MP: 2/2
   196 | D:1      | HP: 3/17 [kobold/+0 short sword (2)]
   199 | D:1      | HP: 1/17 [kobold/+0 short sword (1)]
   202 | D:1      | Slain by a kobold

Levels and vault maps discovered:
D:1:      doesnt_arrival_eight_statues, layout_loops_cross, chequers_garden,
          nicolae_the_louvre

Action                     || total
---------------------------++-------
   Fire: Shortbow          ||    53
    Use: Potion            ||     1
 Armour: Leather armour    ||    48
  Dodge: Dodged            ||    54

Table legend:
 A = Non-vault XP
 B = Vault XP
 C = Vault XP percentage of total XP
 D = Non-vault monster count
 E = Vault monster count
 F = Vault count percentage of total count
                 A         B        C        D         E       F
            +---------+---------+-------+---------+---------+-------
      Total |      22 |       0 |   0.0 |      11 |       0 |   0.0
            +---------+---------+-------+---------+---------+-------
        D:1 |      22 |       0 |   0.0 |      11 |       0 |   0.0
            +---------+---------+-------+---------+---------+-------
